 Dungeon Crawl Stone Soup version 0.26-a0-613-g4f23886233 (webtiles) character file.

Game seed: 5830726850371947085

112 Descartes the Magician (level 4, 0/39 HPs)
             Began as a Naga Warper on Sept 11, 2020.
             Succumbed to an adder's poison
             ... on level 3 of the Dungeon.
             The game lasted 00:04:13 (3551 turns).

Descartes the Magician (Naga Warper)                Turns: 3551, Time: 00:04:14

Health: 0/39       AC:  4    Str: 14    XL:     4   Next: 95%
Magic:  10/10      EV:  7    Int: 13    God:
Gold:   128        SH:  0    Dex: 11    Spells: 7/12 levels left

rFire    . . .     SeeInvis +   a - +0 falchion
rCold    . . .     Faith    .   (no shield)
rNeg     . . .     Spirit   .   w - +0 scale mail
rPois    +         Reflect  .   (no helmet)
rElec    .         Harm     .   (no cloak)
rCorr    .                      (no gloves)
MR       .....                  (no barding)
Stlth    ..........             (no amulet)
HPRegen  0.13/turn              (no ring)
MPRegen  0.12/turn              (no ring)

@: lethally poisoned (0 -> -4), stab, flying, very slow
A: large, see invisible, deformed body, poison resistance, slowness 2, spit
poison 1, AC +1
a: Spit Poison


You were on level 3 of the Dungeon.
You visited 1 branch of the dungeon, and saw 3 of its levels.

You collected 128 gold pieces.

Inventory:

Hand Weapons
 a - a +0 falchion (weapon)
 n - a +3 dagger
Missiles
 e - 5 boomerangs of dispersal (quivered)
 g - 22 poisoned darts
 i - 109 stones
 o - 19 bolts
 t - 36 sling bullets
Armour
 b - a +0 leather armour
 w - a +0 scale mail (worn)
Scrolls
 c - 2 scrolls of enchant weapon {unknown}
 d - 2 scrolls of blinking
 q - 4 scrolls of identify {unknown}
 r - a scroll of amnesia {unknown}
 u - 2 scrolls of teleportation {unknown}
 v - 2 scrolls of remove curse {unknown}
Potions
 f - a potion of might {unknown}
 h - 4 potions of stabbing
 j - a potion of haste {unknown}
 k - a potion of invisibility {unknown}
 l - a potion of brilliance {unknown}
 m - a potion of flight
 p - a potion of mutation {unknown}
 s - a potion of curing {unknown}
 x - 2 potions of degeneration {unknown}


   Skills:
 - Level 2.0 Fighting
 - Level 2.0 Long Blades
 - Level 0.8 Throwing
 - Level 0.7 Armour
 - Level 1.5 Dodging
 + Level 4.6 Spellcasting
 - Level 3.0 Translocations


You had 7 spell levels left.
You knew the following spells:

 Your Spells              Type           Power        Failure   Level
a - Blink                 Tloc           N/A          36%         2
b - Teleport Other        Tloc           ##......     58%         3

Your spell library contained the following spells:

 Spells                   Type           Power        Failure   Level
 Gell's Gravitas          Tloc           ##........   58%         3
 Lesser Beckoning         Tloc           ##........   58%         3
 Passage of Golubria      Tloc           N/A          94%         4


Dungeon Overview and Level Annotations

Branches:
Dungeon (3/15)

Altars:
Hepliaklqana
Okawaru
Trog
Yredelemnul


Innate Abilities, Weirdness & Mutations

You cannot wear boots.
Your serpentine skin is tough. (AC +1)
You have supernaturally acute eyesight. (SInv)
Armour fits poorly on your strangely shaped body.
Your system is resistant to poisons. (rPois)
You cover ground very slowly.
You can spit poison.


Message History

You barely miss the adder.
The adder is severely wounded.
* * * LOW HITPOINT WARNING * * *
You feel sick. The adder bites you.
* * * LOW HITPOINT WARNING * * *
The adder bites you but does no damage.
You barely miss the adder.
The adder is severely wounded.
* * * LOW HITPOINT WARNING * * *
You feel sick. The adder closely misses you.
You hit the adder.
You kill the adder!
* * * LOW HITPOINT WARNING * * *
You feel sick.
It was a potion of flight.
You feel very buoyant.
You fly up into the air.
It was a potion of stabbing.
You feel ready to backstab.
You die...

.....>[....#...............#
......#.##.#####.#.#######.##
#######.##.# #.#.######...###
..# #.##.# #...##.....#...#
..#####.##.
###.####.###...#<# .))>....#
#.....##.# ##.##†# ..####..#
#.....##.# #.##.# ..#
....##'##...# #.##.# ### #
#.@.##### #.##.# #.....#
#.##.# #.#...#.# #.##.#
#.8.8.8.8.# ..##.#
#...........# .##
+.....?.....+ #...........#
##.8.8.8.8.##


There were no monsters in sight!

Vanquished Creatures
  An orc wizard (D:3)
  3 adders (D:3)
  An ooze (D:1)
  A worm (D:2)
  2 leopard geckos (D:2)
  7 orcs (D:3)
  5 bats
  A giant cockroach (D:1)
  4 goblins
  7 hobgoblins
  5 kobolds
  A quokka (D:3)
  2 ball pythons (D:1)
  3 frilled lizards
  2 rats
45 creatures vanquished.

Notes
Turn   | Place    | Note
-------+----------+-------------------------------------------
     0 | D:1      | Descartes the Naga Warper began the quest for the Orb.
     0 | D:1      | Reached XP level 1. HP: 19/19 MP: 3/3
   346 | D:1      | Reached XP level 2. HP: 3/26 MP: 3/5
  1080 | D:1      | Reached skill level 3 in Spellcasting
  1514 | D:2      | Reached XP level 3. HP: 16/32 MP: 7/7
  1680 | D:2      | Learned a level 2 spell: Blink
  1684 | D:2      | Learned a level 3 spell: Teleport Other
  1925 | D:2      | Found an iron altar of Okawaru.
  1954 | D:2      | Found a hazy altar of Hepliaklqana.
  2136 | D:2      | Found a basalt altar of Yredelemnul.
  2367 | D:2      | Found a bloodstained altar of Trog.
  2762 | D:3      | Reached XP level 4. HP: 8/39 MP: 9/9
  3041 | D:3      | Reached skill level 4 in Spellcasting
  3549 | D:3      | HP: 1/39 [poisoned by an adder]
  3551 | D:3      | Succumbed to an adder's poison

Illustrated notes

Levels and vault maps discovered:
D:1:      dpeg_arrival_orchard, layout_rooms
D:2:      layout_rooms, minitemple, trog_book
D:3:      minmay_chambers_of_twos, layout_loops_ring, dk_noncrumbling_3

Skill      XL: |  1  2  3  4 |
---------------+-------------+-----
Spellcasting   | 3 4 |  4.6
Fighting       | |  2.0
Long Blades    | |  2.0
Throwing       | |  0.8
Armour         | |  0.7
Dodging        | |  1.5
Translocations | |  3.0

Action                   |  1- 3 |  4- 6 || total
-------------------------+-------+-------++-------
Melee: Falchion          |    85 |    63 ||   148
       Dagger            |    26 |       ||    26
 Abil: Spit Poison       |     1 |       ||     1
  Use: Potion            |       |     2 ||     2
Armor: Leather armour    |    23 |       ||    23
       Scale mail        |    14 |    18 ||    32
Dodge: Dodged            |    61 |    31 ||    92
       Rpst.: Falchion   |    15 |    10 ||    25

Table legend: (Time is in decaauts)
 A = Elapsed time spent in this place.
 B = Non-inter-level travel time spent in this place.
 C = Inter-level travel time spent in this place.
 D = Time resting spent in this place.
 E = Time spent auto-exploring this place.
 F = Levels seen in this place.
 G = Mean time per level.
                   A        B        C        D        E       F      G
               +--------+--------+--------+--------+--------+-----+--------+
         Total |   3957 |   3880 |     77 |      0 |   3458 |   3 | 1319.0 |
       Dungeon |   3957 |   3880 |     77 |      0 |   3458 |   3 | 1319.0 |
               +--------+--------+--------+--------+--------+-----+--------+

Top non-repeatable levels by time:
     D:1: 1644 daAuts
     D:2: 1171 daAuts
     D:3: 1141 daAuts
